 Dungeon Crawl Stone Soup version 0.29-a0-275-g389c0b56f3 (webtiles) character file.

Game seed: 746962445726815535

76 drugrobin the Chopper (level 3, -1/30 HPs)
             Began as a Demigod Fighter on Mar 9, 2022.
             Succumbed to a scorpion's poison
             ... on level 4 of the Dungeon.
             The game lasted 00:03:56 (3178 turns).

drugrobin the Chopper (Demigod Fighter)             Turns: 3178, Time: 00:03:57

Health: -1/30      AC: 12    Str: 21    XL:     3   Next: 89%
Magic:  2/5        EV:  5    Int: 10    God:
Gold:   165        SH:  4    Dex: 13    Spells: 2/2 levels left

rFire   . . .      SeeInvis .   a - +0 war axe
rCold   . . .      Faith    .   c - +0 buckler
rNeg    . . .      Spirit   +   f - +0 plate armour
rPois   .          Reflect  .   k - +0 helmet
rElec   .          Harm     .   (no cloak)
rCorr   .          Rampage  .   (no gloves)
Will    .....                   (no boots)
Stlth   ..........              r - amulet of guardian spirit
HPRegen 0.10/turn               (no ring)
MPRegen 0.09/turn               (no ring)

@: mighty, lethally poisoned (-1 -> -21)
A: high MP 1, forlorn, divine attributes
a: no special abilities


You were on level 4 of the Dungeon.
You visited 1 branch of the dungeon, and saw 4 of its levels.

You collected 165 gold pieces.

Inventory:

Hand Weapons
 a - a +0 war axe (weapon)
 s - a +0 hand axe
Missiles
 h - 5 boomerangs (quivered)
Armour
 b - a +0 scale mail
 c - a +0 buckler (worn)
 f - a +0 plate armour (worn)
 k - a +0 helmet (worn)
Jewellery
 r - an amulet of guardian spirit (around neck)
Scrolls
 e - a scroll of identify {unknown}
 g - a scroll of enchant armour {unknown}
 i - 2 scrolls of noise {unknown}
 j - 2 scrolls of blinking {unknown}
 p - a scroll of vulnerability {unknown}
 q - a scroll of torment {unknown}
 u - a scroll of enchant weapon {unknown}
 v - 2 scrolls of teleportation {unknown}
Potions
 d - a potion of might
 l - 3 potions of haste {unknown}
 m - a potion of brilliance {unknown}
 n - a potion of curing {unknown}
 o - a potion of degeneration {unknown}
 t - a potion of attraction {unknown}


   Skills:
 - Level 2.6 Fighting
 * Level 3.5 Axes
 + Level 3.3 Armour
 - Level 2.6 Shields


You had 2 spell levels left.
You didn't know any spells.
Your spell library contained the following spells:

 Spells                   Type           Power      Damage    Failure   Level
 Slow                     Hex            0%         N/A       100%        1
 Sublimation of Blood     Necr           0%         N/A       100%        2
 Confusing Touch          Hex            0%         N/A       100%        3
 Vampiric Draining        Necr           0%         2d6       100%        3
 Cause Fear               Hex            0%         N/A       100%        4
 Petrify                  Tmut/Erth      0%         N/A       100%        4
 Irradiate                Conj/Tmut      0%         3d13      100%        5
 Dragon Form              Tmut           0%         N/A       100%        7
 Dragon's Call            Summ           0%         N/A       100%        9


Dungeon Overview and Level Annotations

Branches:
Dungeon (4/15)
 Temple: D:4-7


Innate Abilities, Weirdness & Mutations

You have an increased reservoir of magic. (+10% MP)
You shall have no god before yourself.
Your divine heritage dramatically boosts your attributes as you level up.


Message History

You now have 165 gold pieces (gained 7).
Key pressed, stopping explore.
A scorpion comes into view.
The scorpion moves out of view.
Unknown command.
Okay, then.
You aren't carrying any items that you can evoke.
Okay, then.
Throw: 5 boomerangs
Press: ? - help, Q - select action Shift-Dir - straight line, f - scorpion
Aim: a scorpion (57% to hit)
You throw a boomerang.
The boomerang closely misses the scorpion.
Unknown command.
You barely miss the scorpion.
The scorpion stings you but does no damage.
You closely miss the scorpion. The scorpion stings you.
You are poisoned.
The scorpion poisons you! The scorpion stings you!
You are more poisoned.
The scorpion poisons you!
You feel very mighty all of a sudden.
You feel very sick.
The scorpion stings you but does no damage.
You slash the scorpion!
The scorpion is severely wounded.
You feel very sick.
The scorpion stings you but does no damage. x2
You barely miss the scorpion.
The scorpion is severely wounded.
* * * LOW HITPOINT WARNING * * *
You feel very sick. The scorpion stings you.
* * * LOW HITPOINT WARNING * * *
You are more poisoned.
The scorpion poisons you! You block the scorpion's attack.
Unknown command.
You hit the scorpion.
The scorpion is almost dead.
You die...

#.## #. #.# #. #.#
##.# #.#
#.###...## #.#
........# #.#
##..##....# #.#
......#.#.######.#
#..#......s@....#
##.PP.#.#.########
≈≈≈≈≈P..#.#
♣≈≈≈...# ♣♣♣.P###
♣≈≈.. ♣≈.≈P#
♣≈≈P.# ♣≈P≈..


You could see a scorpion.

Vanquished Creatures
  2 adders
  A dart slug (D:3)
  7 orcs (D:3)
  2 endoplasms (D:1)
  2 giant cockroaches
  5 goblins
  5 hobgoblins
  4 kobolds
  3 quokkas
  5 ball pythons
  4 bats
  A frilled lizard (D:1)
  8 rats
49 creatures vanquished.

Vanquished Creatures (others)
  12 plants (D:4)
12 creatures vanquished.

Grand Total: 61 creatures vanquished

Notes
Turn   | Place    | Note
-------+----------+-------------------------------------------
     0 | D:1      | drugrobin the Demigod Fighter began the quest for the Orb.
     0 | D:1      | Reached XP level 1. HP: 18/18 MP: 3/3
   350 | D:1      | Reached XP level 2. HP: 21/25 MP: 4/4
  1124 | D:2      | Reached XP level 3. HP: 28/30 MP: 5/5
  3165 | D:4      | Noticed a scorpion
  3178 | D:4      | Succumbed to a scorpion's poison

Illustrated notes

Levels and vault maps discovered:
D:1:      dpeg_arrival_simpleton_b, layout_loops_ring,
          hellmonk_ecumenical_altar_lost_god, minmay_pentomino_v2
D:2:      layout_basic, serial_forest, infiniplex_forest_end_2,
          infiniplex_forest_end_1, infiniplex_forest_clump_tiny,
          infiniplex_forest_clump_tiny, infiniplex_forest_lined_room_2,
          hangedman_decor_clover_reticule, minivault_14
D:3:      layout_loops_ring, minmay_overflow_temple_star_hex
D:4:      layout_loops_corners, serial_bayou, serial_bayou_crossing,
          serial_bayou_pond_c, serial_bayou_pond_e, serial_bayou_pond_e

Skill      XL: |  1  2 |
---------------+-------+-----
Axes           | 2 3 |  3.5
Armour         | 3 |  3.3
Fighting       | |  2.6
Shields        | |  2.6

Action                   || total
-------------------------++-------
Melee: War axe           ||   129
       Hand axe          ||     3
Throw: Boomerang         ||     5
  Use: Potion            ||     1
Armor: Plate armour      ||    92
Dodge: Dodged            ||    28
Block: Buckler           ||    27

Table legend: (Time is in decaauts)
 A = Elapsed time spent in this place.
 B = Non-inter-level travel time spent in this place.
 C = Inter-level travel time spent in this place.
 D = Time resting spent in this place.
 E = Time spent auto-exploring this place.
 F = Levels seen in this place.
 G = Mean time per level.
                   A        B        C        D        E       F      G
               +--------+--------+--------+--------+--------+-----+--------+
         Total |   3229 |   3105 |    124 |     42 |   2545 |   4 |  807.2 |
       Dungeon |   3229 |   3105 |    124 |     42 |   2545 |   4 |  807.2 |
               +--------+--------+--------+--------+--------+-----+--------+

Top non-repeatable levels by time:
     D:2: 1155 daAuts
     D:3: 929 daAuts
     D:1: 848 daAuts
     D:4: 295 daAuts
